 Dungeon Crawl Stone Soup version 0.29-a0-234-g0dae59b3db (webtiles) character file.

Game seed: 13928433504317343725

334 chunkyMonkey the Ducker (level 6, -3/32 HPs)
             Began as a Spriggan Fighter on Mar 3, 2022.
             Was an Initiate of Gozag.
             Killed by divine providence
             ... invoked by an orc priest
              (10 damage)
             ... on level 5 of the Dungeon.
             The game lasted 00:07:35 (6328 turns).

chunkyMonkey the Ducker (Spriggan Fighter)          Turns: 6328, Time: 00:07:35

Health: -3/32      AC:  3    Str: 12    XL:     6   Next: 27%
Magic:  11/11      EV: 18    Int: 10    God:    Gozag
Gold:   320        SH:  6    Dex: 16    Spells: 11/11 levels left

rFire   . . .      SeeInvis +   p - +0 dagger (venom)
rCold   . . .      Faith    .   c - +0 buckler
rNeg    . . .      Spirit   .   b - +0 robe
rPois   .          Reflect  .   (helmet restricted)
rElec   .          Harm     .   l - +0 cloak
rCorr   .          Rampage  .   (gloves unavailable)
Will    +....                   (boots unavailable)
Stlth   ++........              (no amulet)
HPRegen 0.10/turn               (no ring)
MPRegen 0.12/turn               (no ring)

@: very quick
A: very small, no large weapons, unfitting armour, see invisible, speed 3
a: Renounce Religion, Potion Petition, Call Merchant, Bribe Branch


You were on level 5 of the Dungeon.
You worshipped Gozag.
Gozag was aware of your devotion.
You visited 2 branches of the dungeon, and saw 6 of its levels.

You collected 420 gold pieces.
You spent 65 gold pieces at shops.
You paid 35 gold pieces to Gozag.

Inventory:

Hand Weapons
 a - a +0 rapier
 p - a +0 dagger of venom (weapon)
 y - a +0 hand axe of electrocution
Missiles
 w - a throwing net (quivered)
Armour
 b - a +0 robe (worn)
 c - a +0 buckler (worn)
 l - a +0 cloak (worn)
Wands
 u - a wand of iceblast (6)
Scrolls
 e - 2 scrolls of fog {unknown}
 f - a scroll of magic mapping {unknown}
 g - a scroll of noise {unknown}
 h - 2 scrolls of teleportation {unknown}
 i - a scroll of brand weapon {unknown}
 o - 3 scrolls of identify {unknown}
 q - a scroll of amnesia {unknown}
 r - a scroll of silence {unknown}
 t - 2 scrolls of immolation
 x - a scroll of vulnerability {unknown}
Potions
 d - a potion of might
 j - 2 potions of curing {unknown}
 k - 2 potions of attraction {unknown}
 m - 4 potions of flight {unknown}
 n - a potion of haste {unknown}
 s - a potion of lignification
 v - 3 potions of invisibility {unknown}


   Skills:
 + Level 3.0 Fighting
 * Level 3.4 Short Blades
 + Level 0.9 Armour
 * Level 5.3 Dodging
 + Level 2.6 Stealth
 * Level 3.0 Shields
 * Level 3.2 Spellcasting


You had 11 spell levels left.
You didn't know any spells.
Your spell library contained the following spells:

 Spells                   Type           Power      Damage    Failure   Level
 Freeze                   Ice            4%         1d3       50%         1
 Conjure Flame            Conj/Fire      1%         6-21      86%         3
 Frozen Ramparts          Ice            2%         1d2       86%         3
 Ignite Poison            Fire/Tmut/Pois 1%         N/A       86%         3
 Cause Fear               Hex            0%         N/A       99%         4
 Hailstorm                Conj/Ice       1%         3d3       99%         4
 Sticky Flame             Conj/Fire      1%         2d3       99%         4
 Dragon Form              Tmut           0%         N/A       100%        7
 Dragon's Call            Summ           0%         N/A       100%        9


Dungeon Overview and Level Annotations

Branches:
Dungeon (5/15)             Temple (1/1) D:4

Altars:
Gozag
Hepliaklqana
Zin

Shops:
D:3 *


Innate Abilities, Weirdness & Mutations

You are very small and have problems with some larger weapons.
You are too small for most types of armour.
You have supernaturally acute eyesight. (SInv)
You cover ground extremely quickly. (Speed+++)


Message History

a +0 dagger; a +0 robe
Things that are here:
a +0 club; a +0 leather armour; a +0 short sword
Things that are here:
a +0 hand axe of electrocution; a +0 ring mail
y - a +0 hand axe of electrocution An orc comes into view.
It is wielding a +0 club.
An orc is nearby!
Things that are here:
a +0 club; a +0 leather armour; a +0 short sword An orc priest comes into view.
It is wielding a +0 whip.
Things that are here:
a +0 dagger; a +0 robe The orc shouts!
The orc priest shouts!
You hear a bark!
An orc comes into view. It is wielding a +0 hand axe.
A hound comes into view.
The orc hits you with a +0 club.
You closely miss the orc priest. You block the orc priest's attack.
You block the orc's attack. The orc barely misses you.
You hit the orc priest but do no damage.
The orc priest is poisoned.
The orc priest hits you but does no damage.
The orc hits you but does no damage. The orc closely misses you.
You completely miss the orc priest.
The orc priest invokes the aid of Beogh against you.
Beogh smites you! The orc misses you. The orc closely misses you.
You hear a shout!
Unknown command.
You hit the orc priest but do no damage.
The orc priest looks as sick as possible!
The orc priest barely misses you.
An orc comes into view. It is wielding a +0 club.
The orc hits you with a +0 hand axe.
* * * LOW HITPOINT WARNING * * *
Unknown command.
Okay, then.
The orc priest calls down the wrath of Beogh upon you.
Beogh smites you!
You die...
Your body crumbles into a pile of gold.

#########..o
#.[.........
####)#######...
#...)...#
#.##.##.#
#.##.##.#
#.##o##.#
#.@o....#
####o##.##
###h#...####
.....o..<...+
####.#...####
#.##.## ......
##.###.# .


You could see an orc priest (extremely poisoned) and 2 orcs.

Vanquished Creatures
  An ogre (D:4)
  A hound (D:4)
  Ijyb (D:3)
  An orc wizard (D:5)
  8 adders
  2 worms
  2 dart slugs
  5 orcs
  3 bats (D:2)
  12 endoplasms
  3 giant cockroaches
  14 hobgoblins
  A jackal (D:2)
  4 quokkas
  4 ball pythons
  2 frilled lizards (D:1)
  10 goblins
  3 kobolds
  7 rats
84 creatures vanquished.

Vanquished Creatures (others)
  A plant (D:3)
1 creature vanquished.

Grand Total: 85 creatures vanquished

Notes
Turn   | Place    | Note
-------+----------+-------------------------------------------
     0 | D:1      | chunkyMonkey the Spriggan Fighter began the quest for the
                  | Orb.
     0 | D:1      | Reached XP level 1. HP: 11/11 MP: 2/2
   940 | D:1      | Reached skill level 1 in Spellcasting
   964 | D:1      | Reached XP level 2. HP: 14/16 MP: 4/4
  2092 | D:1      | Found a faded altar of an unknown god.
  2353 | D:2      | Reached XP level 3. HP: 16/19 MP: 5/5
  3484 | D:2      | Reached skill level 1 in Stealth
  3691 | D:2      | Reached XP level 4. HP: 23/23 MP: 7/7
  3919 | D:2      | Found an opulent altar of Gozag.
  4286 | D:2      | Became a worshipper of Gozag Ym Sagoz the Greedy
  4496 | D:3      | Found Qougradi's General Store.
  4531 | D:3      | Bought a potion of lignification for 30 gold pieces
  4531 | D:3      | Bought a scroll of immolation for 35 gold pieces
  4681 | D:3      | Noticed Ijyb
  4703 | D:3      | Killed Ijyb
  4948 | D:3      | Reached XP level 5. HP: 26/27 MP: 9/9
  5221 | D:4      | Found a glowing silver altar of Zin.
  5224 | D:4      | Reached skill level 5 in Dodging
  5242 | D:4      | Found a staircase to the Ecumenical Temple.
  5286 | D:4      | Found a hazy altar of Hepliaklqana.
  5856 | D:4      | Noticed an ogre
  5874 | D:4      | Killed an ogre
  5875 | D:4      | Reached XP level 6. HP: 32/32 MP: 11/11
  6244 | Temple   | Entered the Ecumenical Temple
  6259 | D:5      | Entered Level 5 of the Dungeon
  6328 | D:5      | Killed from afar by an orc priest

Illustrated notes

Levels and vault maps discovered:
D:1:      minmay_arrival_split_and_join, layout_basic,
          hellmonk_ecumenical_altar_prayer_group, minmay_nonomino_d4
D:2:      wad_river_or_something, layout_rooms, basic_altar,
          grunt_decor_mini_mirrors, dk_noncrumbling_2, grunt_decor_resistance
D:3:      layout_basic, serial_shops, shop, corexii_shack,
          chequers_serial_rivers_micro_e, uniq_ijyb
D:4:      layout_loops_ring, mainiacjoe_overflow_catwalk_spiral,
          minmay_temple_entry_sparse_star, serial_rivers,
          chequers_serial_rivers_small_a, chequers_serial_rivers_small_3,
          chequers_serial_rivers_marsh, chequers_serial_rivers_large_b,
          chequers_serial_rivers_small_b, chequers_serial_rivers_micro_d,
          roderic_roman_lattice, minmay_circle_x
D:5:      layout_loops_corners, serial_shops, nicolae_shop_bloodbath_and_beyond,
          shop, shop_coins, nicolae_shop_statue_plus, nicolae_shop_stone,
          amcnicky_mini_corridor_feature, uniq_grinder, uniq_sigmund
Temple:   mainiacjoe_temple_big_plus

Skill      XL: |  1  2  3  4  5  6 |
---------------+-------------------+-----
Spellcasting   | 1 2 3 |  3.2
Stealth        | 1 2 |  2.6
Short Blades   | 3 |  3.4
Dodging        | 5 |  5.3
Shields        | 3 |  3.0
Fighting       | 3 |  3.0
Armour         | |  0.9

Action                   |  1- 3 |  4- 6 || total
-------------------------+-------+-------++-------
Melee: Rapier            |   111 |     3 ||   114
       Dagger            |       |   149 ||   149
Throw: Throwing net      |     1 |       ||     1
 Stab: Sleeping          |     3 |     9 ||    12
       Held in net/web   |     1 |       ||     1
Armor: Robe              |     7 |    14 ||    21
Dodge: Dodged            |    69 |    80 ||   149
Block: Buckler           |    34 |    29 ||    63

Table legend: (Time is in decaauts)
 A = Elapsed time spent in this place.
 B = Non-inter-level travel time spent in this place.
 C = Inter-level travel time spent in this place.
 D = Time resting spent in this place.
 E = Time spent auto-exploring this place.
 F = Levels seen in this place.
 G = Mean time per level.
                   A        B        C        D        E       F      G
               +--------+--------+--------+--------+--------+-----+--------+
         Total |   5192 |   5015 |    177 |   2525 |   1842 |   6 |  865.3 |
       Dungeon |   5191 |   5014 |    177 |   2525 |   1842 |   5 | 1038.2 |
        Temple |      1 |      1 |      0 |      0 |      0 |   1 |    1.0 |
               +--------+--------+--------+--------+--------+-----+--------+

Top non-repeatable levels by time:
     D:1: 2234 daAuts
     D:2: 1398 daAuts
     D:4: 831 daAuts
     D:3: 672 daAuts
     D:5: 55 daAuts
  Temple: 1 daAuts
